 Dungeon Crawl Stone Soup version 0.28-a0-1117-g0bdd5ba030 (webtiles) character file.

Game seed: 7158318745875242996

711 ducksouse the Shield-Bearer (level 7, -13/62 HPs)
             Began as a Minotaur Fighter on Dec 11, 2021.
             Was an Initiate of the Shining One.
             Mangled by a phantasmal warrior (28 damage)
             ... created by the anger of Yredelemnul
             ... on level 5 of the Dungeon.
             The game lasted 00:18:10 (4586 turns).

ducksouse the Shield-Bearer (Minotaur Fighter)      Turns: 4586, Time: 00:18:11

Health: -13/62     AC: 16    Str: 22    XL:     7   Next: 40%
Magic:  6/6        EV:  6    Int:  3    God:    the Shining One [......]
Gold:   266        SH: 13    Dex: 12    Spells: 6/6 levels left

rFire   . . .      SeeInvis .   u - +4 mace (flame)
rCold   . . .      Faith    .   e - +0 tower shield
rNeg    . . .      Spirit   .   j - +3 plate armour
rPois   .          Reflect  .   (helmet restricted)
rElec   .          Harm     .   l - +0 cloak
rCorr   .          Rampage  .   (no gloves)
Will    .....                   (no boots)
Stlth   ..........              r - amulet of magic regeneration
HPRegen 0.20/turn               s - +4 ring of evasion
MPRegen 0.50/turn               h - ring of willpower

@: weak-willed, glowing
A: horns 2, retaliatory headbutt, agile 1, dopey 1
a: Renounce Religion


You were on level 5 of the Dungeon.
You worshipped the Shining One.
The Shining One was noncommittal.
You visited 1 branch of the dungeon, and saw 5 of its levels.

You collected 266 gold pieces.

Inventory:

Hand Weapons
 a - a +0 long sword
 k - a +1 hand axe of holy wrath
 u - a +4 mace of flaming (weapon)
 v - a +2 quarterstaff of chaos
 D - the +3 mace of the Mind {vorpal, Will+ Int+3 Dex-2}
   (You found it on level 5 of the Dungeon)

   It inflicts extra damage upon your enemies.
   Int:       It affects your intelligence (+3).
   Dex:       It affects your dexterity (-2).
   Will:      It increases your willpower.
Missiles
 C - 6 javelins (quivered)
Armour
 b - a +0 scale mail
 c - a +0 buckler
 e - a +0 tower shield (worn)
 j - a +3 plate armour (worn)
 l - a +0 cloak (worn)
 w - a +0 cloak
 A - a +0 kite shield
Jewellery
 h - a ring of willpower (right hand)
 r - an amulet of magic regeneration (around neck)
 s - a +4 ring of evasion (left hand)
 x - a ring of ice
Wands
 t - a wand of paralysis (9)
Scrolls
 f - a scroll of blinking
 g - a scroll of teleportation
 i - a scroll of amnesia
 p - a scroll of enchant armour {unknown}
 y - 2 scrolls of fear {unknown}
 B - a scroll of vulnerability {unknown}
 E - a scroll of identify
Potions
 d - 2 potions of might
 m - a potion of heal wounds {unknown}
 n - a potion of flight {unknown}
 o - 2 potions of haste
 q - a potion of curing
 z - 2 potions of magic {unknown}


   Skills:
 + Level 5.8 Fighting
 - Level 5.1 Long Blades
 + Level 2.9 Maces & Flails
 + Level 5.8 Armour
 * Level 6.0 Shields


You had 6 spell levels left.
You didn't know any spells.
Your spell library contained the following spells:

 Spells                   Type           Power      Damage    Failure   Level
 Sting                    Tmut/Pois      0%         1d3       100%        1
 Blink                    Tloc           0%         N/A       100%        2
 Poisonous Vapours        Pois/Air       0%         N/A       100%        2
 Gell's Gravitas          Tloc           0%         N/A       100%        3
 Lesser Beckoning         Tloc           0%         N/A       100%        3
 Teleport Other           Tloc           0%         N/A       100%        3
 Olgreb's Toxic Radiance  Pois           0%         N/A       100%        4
 Manifold Assault         Tloc           0%         N/A       100%        5
 Storm Form               Tmut/Air       0%         N/A       100%        7


Dungeon Overview and Level Annotations

Branches:
Dungeon (5/15)
 Temple: D:4-7

Altars:
Uskayaw
Yredelemnul
The Shining One

Shops:
D:3 :


Innate Abilities, Weirdness & Mutations

You have a pair of horns on your head.
You reflexively headbutt those who attack you in melee.
You are agile. (Dex +2)
You are dopey. (Int -2)


Message History

You block the black bear's attack.
You hit the black bear. You burn the black bear. You headbutt the black bear!
The black bear is moderately wounded.
The black bear bites you but does no damage.
You block the black bear's attack. x2
The black bear bites you but does no damage.
You block the black bear's attack. The black bear completely misses you.
You hit the black bear. You burn the black bear.
Your headbutt misses the black bear.
The black bear is heavily wounded.
You block the black bear's attack.
The black bear claws you but does no damage.
The black bear barely misses you.
The black bear bites you but does no damage.
You block the black bear's attack.
The black bear claws you but does no damage.
You hit the black bear. You burn the black bear. You headbutt the black bear!
You kill the black bear!
Your life force feels restored.
Your Shields skill increases to level 6!
No target in view!
No target in view!
You see here a black bear corpse.
You see here a +0 ring mail.
Yredelemnul sends a servant to punish you.
A phantasmal warrior comes into view.
You see here a black bear corpse.
You hit the phantasmal warrior but do no damage.
The phantasmal warrior hits you!
Your willpower is stripped away!
You hit the phantasmal warrior. You burn the phantasmal warrior.
You headbutt the phantasmal warrior, but do no damage.
The phantasmal warrior is lightly damaged.
The phantasmal warrior hits you!! The phantasmal warrior hits you!
* * * LOW HITPOINT WARNING * * *
The phantasmal warrior gestures at you.
The phantasmal warrior blinks!
You hit the phantasmal warrior but do no damage.
The phantasmal warrior is lightly damaged.
The phantasmal warrior hits you!!
You die...

######
#....##
#.....##
#W##...#####
#@.##......#
#†.[#..###.#
#..##..# #.#
#.##...# #.#
###...## #.#
##...## #.#
#...## #.#
#..## #.#
#.## #.#


You could see a phantasmal warrior.

Vanquished Creatures
  A black bear (D:5)
  An ogre (D:4)
  A necrophage (D:5)
  A centaur zombie (D:5)
  A hound (D:5)
  Crazy Yiuf (D:3)
  An orc priest (D:3)
  Ijyb (D:3)
  3 orc wizards
  2 iguanas (D:5)
  A hound skeleton (D:4)
  2 river rats (D:4)
  4 adders
  An adder skeleton (D:4)
  2 worms
  4 dart slugs
  8 orcs
  8 ball pythons
  2 bats (D:2)
  6 endoplasms
  A giant cockroach (D:2)
  8 goblins
  6 hobgoblins
  3 jackals (D:2)
  4 kobolds
  5 quokkas
  3 frilled lizards
  4 rats
85 creatures vanquished.

Vanquished Creatures (collateral kills)
  A worm (D:3)
  A hobgoblin (D:2)
  A kobold (D:1)
  2 goblins (D:2)
5 creatures vanquished.

Vanquished Creatures (others)
  A ball python zombie (D:3)
  A dart slug zombie (D:3)
  A frilled lizard zombie (D:3)
  A goblin zombie (D:3)
  3 orc zombies (D:3)
  A quokka zombie (D:2)
8 creatures vanquished.

Grand Total: 98 creatures vanquished

Notes
Turn   | Place    | Note
-------+----------+-------------------------------------------
     0 | D:1      | ducksouse the Minotaur Fighter began the quest for the Orb.
     0 | D:1      | Reached XP level 1. HP: 19/19 MP: 0/0
   245 | D:1      | Reached XP level 2. HP: 20/27 MP: 1/1
   544 | D:1      | Found a faded altar of an unknown god.
   594 | D:1      | Prayed at the altar of an unknown god.
   594 | D:1      | Became a worshipper of Yredelemnul the Dark
   594 | D:1      | Reached * piety under Yredelemnul
   686 | D:1      | Reached skill level 4 in Shields
  1092 | D:2      | Reached XP level 3. HP: 29/33 MP: 2/2
  2040 | D:3      | Reached XP level 4. HP: 33/41 MP: 3/3
  2053 | D:3      | Gained mutation: You are dopey. (Int -2) [potion of
                  | mutation]
  2053 | D:3      | Gained mutation: You are agile. (Dex +2) [potion of
                  | mutation]
  2521 | D:3      | Reached XP level 5. HP: 47/47 MP: 4/4
  2555 | D:3      | Reached ** piety under Yredelemnul
  2613 | D:3      | Found a runed translucent door.
  2614 | D:3      | Noticed Crazy Yiuf
  2637 | D:3      | Noticed Ijyb
  2639 | D:3      | Found Yskosch's Book Emporium.
  2639 | D:3      | Paralysed by Ijyb for 2 turns
  2646 | D:3      | Paralysed by Ijyb for 3 turns
  2650 | D:3      | Killed Ijyb
  2842 | D:3      | Killed Crazy Yiuf
  3123 | D:4      | Noticed an ogre
  3138 | D:4      | Killed an ogre
  3139 | D:4      | Reached skill level 5 in Fighting
  3139 | D:4      | Reached skill level 1 in Maces & Flails
  3139 | D:4      | Reached skill level 5 in Armour
  3139 | D:4      | Reached skill level 5 in Shields
  3139 | D:4      | Reached XP level 6. HP: 42/56 MP: 5/5
  3141 | D:4      | Found a hide-covered altar of Uskayaw.
  3322 | D:4      | Found a glowing golden altar of the Shining One.
  3362 | D:4      | Fell from the grace of Yredelemnul
  3362 | D:4      | Became a worshipper of the Shining One
  3950 | D:5      | Entered Level 5 of the Dungeon
  3963 | D:5      | Identified the +3 mace of the Mind {vorpal, Will+ Int+3
                  | Dex-2}
  4033 | D:5      | Reached XP level 7. HP: 52/61 MP: 6/6
  4119 | D:5      | Reached skill level 5 in Long Blades
  4556 | D:5      | Reached skill level 6 in Shields
  4581 | D:5      | Noticed a phantasmal warrior
  4586 | D:5      | Mangled by a phantasmal warrior

Illustrated notes

Levels and vault maps discovered:
D:1:      elethiomel_arrival_infinity_welcomes_careful_drivers,
          layout_loops_cross, shapermc_ecumenical_altar_venn, minivault_23,
          corexii_item_surrounded_by_moat
D:2:      layout_basic, st_stairs_14, minivault_5
D:3:      layout_rooms, serial_shops, nicolae_square_shop, fountainhead,
          chequers_mini_garden, serial_bayou_pond_d, uniq_ijyb,
          uniq_crazy_yiuf_cottage
D:4:      layout_basic, mainiacjoe_overflow_six_doors_small,
          mainiacjoe_overflow_catwalk, gup_sewer_entry_spiral
D:5:      black_bear_nest_2, layout_rooms

Skill      XL: |  1  2  3  4  5  6  7 |
---------------+----------------------+-----
Fighting       | 4 5 |  5.8
Armour         | 4 5 |  5.8
Shields        | 4 5 6 |  6.0
Long Blades    | 3 4 5 |  5.1
Maces & Flails | 1 2 |  2.9

Action                   |  1- 3 |  4- 6 |  7- 9 || total
-------------------------+-------+-------+-------++-------
Melee: Long sword        |   104 |    49 |       ||   153
       Headbutt          |    15 |    14 |     4 ||    33
       Mace              |       |    60 |    18 ||    78
Throw: Javelin           |       |     3 |       ||     3
  Use: Potion            |       |     3 |       ||     3
       Scroll            |       |     5 |     1 ||     6
Armor: Scale mail        |    10 |       |       ||    10
       Plate armour      |    44 |    88 |    13 ||   145
Dodge: Dodged            |     9 |    32 |     6 ||    47
Block: Tower shield      |    84 |   102 |    16 ||   202

Table legend: (Time is in decaauts)
 A = Elapsed time spent in this place.
 B = Non-inter-level travel time spent in this place.
 C = Inter-level travel time spent in this place.
 D = Time resting spent in this place.
 E = Time spent auto-exploring this place.
 F = Levels seen in this place.
 G = Mean time per level.
                   A        B        C        D        E       F      G
               +--------+--------+--------+--------+--------+-----+--------+
         Total |   4786 |   4786 |      0 |    873 |   2049 |   5 |  957.2 |
       Dungeon |   4786 |   4786 |      0 |    873 |   2049 |   5 |  957.2 |
               +--------+--------+--------+--------+--------+-----+--------+

Top non-repeatable levels by time:
     D:3: 1134 daAuts
     D:1: 1048 daAuts
     D:2: 1037 daAuts
     D:4: 909 daAuts
     D:5: 656 daAuts
